 Dungeon Crawl Stone Soup version 0.17.1-3-g152610e (webtiles) character file.

104 Peloso the Shield-Bearer (level 4, -1/40 HPs)
             Began as a Minotaur Fighter on Apr 9, 2016.
             Slain by an ogre
             ... wielding a +0 giant club
              (16 damage)
             ... on level 3 of the Dungeon.
             The game lasted 00:03:54 (2047 turns).

Peloso the Shield-Bearer (Minotaur Fighter)         Turns: 2047, Time: 00:03:54

Health: -1/40      AC:  9    Str: 20    XL:     4   Next: 52%
Magic:  3/3        EV:  3    Int:  5    God:
Gold:   160        SH:  7    Dex: 11    Spells: 0 memorised, 3 levels left

rFire  . . .     SeeInvis .     a - +0 long sword
rCold  . . .     Clarity  .     s - +0 chain mail
rNeg   . . .     SustAt   .     g - +2 buckler
rPois  .         Gourm    .     (helmet restricted)
rElec  .         Spirit   .     (no cloak)
rCorr  .         Warding  .     (no gloves)
rMut   .         Stasis   .     (no boots)
MR     .....                    (no amulet)
Stlth  ..........               (no ring)
                                (no ring)

@: not resistant to hostile enchantments, extremely unstealthy
A: retaliatory headbutt, horns 2
a: no special abilities


You were on level 3 of the Dungeon.
You were hungry.

You visited 1 branch of the dungeon, and saw 3 of its levels.

You collected 160 gold pieces.

Inventory:

Hand Weapons
 a - a +0 long sword (weapon)
Armour
 b - a +0 scale mail
 c - a +0 shield
 g - a +2 buckler (worn)
 s - a +0 chain mail (worn)
Scrolls
 f - 3 scrolls of teleportation {unknown}
 h - a scroll of noise {unknown}
 j - 2 scrolls of magic mapping {unknown}
 k - 4 scrolls of identify {unknown}
 q - a scroll of random uselessness {unknown}
 r - a scroll of fear {unknown}
Potions
 d - a potion of might
 i - a potion of brilliance {unknown}
 l - a potion of mutation {unknown}
 m - a potion of degeneration {unknown}
 o - a potion of cancellation {unknown}
 p - a potion of agility {unknown}
Books
 n - a book of Necromancy

   Spells                             Type                      Level
   a - Pain                           Necromancy                   1
   b - Animate Skeleton               Necromancy                   1
   c - Vampiric Draining              Necromancy                   3
   d - Regeneration                   Charms/Necromancy            3
   e - Animate Dead                   Necromancy                   4
   f - Control Undead                 Necromancy                   4
Comestibles
 e - 2 bread rations


   Skills:
 + Level 4.1 Fighting
 + Level 3.2 Long Blades
 + Level 4.4 Armour
 + Level 1.2 Dodging
 + Level 0.1 Stealth
 + Level 4.7 Shields


You had 3 spell levels left.
You didn't know any spells.

Dungeon Overview and Level Annotations

Branches:
Dungeon (3/15)

Altars:

Annotations:
D:3 Sigmund


Innate Abilities, Weirdness & Mutations

You reflexively headbutt those who attack you in melee.
You have a pair of horns on your head.


Message History

You see here 2 stones.
Sigmund casts a spell.
Sigmund flickers and vanishes!
Deactivating autopickup; reactivate with Ctrl-A.
You see here a poisoned needle.
There is a stone staircase leading up here.
You climb upwards.
There is a stone staircase leading down here.
You start resting.
You are feeling hungry.
You start resting.
HP restored.
Sorry, you're not good enough to have a special ability.
You climb downwards.
Level annotation: Sigmund The ogre hits you with a giant club!!
Ouch! That really hurt!
There is a stone staircase leading up, spattered with blood here.
The ogre hits you with a giant club!
You die...

#...##############
##................###
#...#.........(.....##
#..##.#######........#
#..##.# ##....$.#
#..##O# #.)....#
#.รท##.# #@.....#
#.)##{# #(##...#
#..##.# #@##...#.#
#..##.# #O(......##
#.O...# #...........
#.###.># #...........
#.# #..# ####...#....
##O###..# #...#.###
#.......# #...# #
#..####.# ##.## #..#
.# ..


You could see Sigmund and an ogre.

Vanquished Creatures
  Natasha (D:3)
  2 adders (D:2)
  2 oozes
  2 worms (D:2)
  5 bats
  2 giant cockroaches (D:1)
  4 hobgoblins
  2 jackals (D:2)
  6 kobolds
  2 giant geckos
  6 giant newts
  6 goblins
  11 rats
51 creatures vanquished.

Notes
Turn   | Place    | Note
--------------------------------------------------------------
     0 | D:1      | Peloso the Minotaur Fighter began the quest for the Orb.
     0 | D:1      | Reached XP level 1. HP: 19/19 MP: 0/0
   292 | D:1      | Reached XP level 2. HP: 27/27 MP: 1/1
   486 | D:1      | Reached skill level 4 in Fighting
  1052 | D:2      | Reached XP level 3. HP: 33/33 MP: 2/2
  1282 | D:2      | Reached XP level 4. HP: 35/40 MP: 3/3
  1850 | D:3      | Reached skill level 1 in Dodging
  1904 | D:3      | Noticed Natasha
  1917 | D:3      | Killed Natasha
  1919 | D:3      | Noticed an ogre
  1920 | D:3      | Noticed Sigmund
  2047 | D:3      | Slain by an ogre

Action                   |  1- 3 |  4- 6 || total
-------------------------+-------+-------++-------
Melee: Long sword        |    85 |    18 ||   103
  Eat: Chunk             |     1 |     2 ||     3
